[ AOE2 MATCH · #470636065 ]
UnrankedMaya vs Mongols
[ REPLAY ANALYSIS · EXTRACTED FROM THE RECORDED GAME ]
Feudal
10:23
Castle
18:21
Imperial
—
| APM avg | 31.9 |
| APM peak | 65 |
| eAPM avg | 15.2 |
| Villagers / military | 41 / 3 |
Focus
⚔️ 48.1% · 🌾 51.9%
Battering Ram ×3
Feudal
12:41
Castle
16:19
Imperial
—
| APM avg | 23.8 |
| APM peak | 58 |
| eAPM avg | 8.5 |
| Villagers / military | 40 / 10 |
Focus
⚔️ 26.9% · 🌾 73.1%
Arambai ×10
Feudal
—
Castle
—
Imperial
—
| APM avg | 0.1 |
| APM peak | 2 |
| eAPM avg | 0.1 |
| Villagers / military | 0 / 0 |
Feudal
8:39
Castle
—
Imperial
—
| APM avg | 20.7 |
| APM peak | 72 |
| eAPM avg | 7.1 |
| Villagers / military | 20 / 0 |
Focus
⚔️ 25.8% · 🌾 74.2%
Feudal
—
Castle
—
Imperial
—
| APM avg | 30.6 |
| APM peak | 90 |
| eAPM avg | 7.3 |
| Villagers / military | 52 / 0 |
Focus
⚔️ 2.3% · 🌾 97.7%
Feudal
8:30
Castle
—
Imperial
—
| APM avg | 19.4 |
| APM peak | 67 |
| eAPM avg | 8.8 |
| Villagers / military | 23 / 0 |
Focus
⚔️ 45.0% · 🌾 55.0%
Feudal
10:42
Castle
14:37
Imperial
—
| APM avg | 27.8 |
| APM peak | 54 |
| eAPM avg | 14.5 |
| Villagers / military | 41 / 10 |
Focus
⚔️ 42.6% · 🌾 57.4%
Knight ×10
Feudal
—
Castle
—
Imperial
—
| APM avg | 21.5 |
| APM peak | 72 |
| eAPM avg | 7.0 |
| Villagers / military | 16 / 0 |
Focus
⚔️ 57.0% · 🌾 43.0%
Match map
Initial resources + every placement click. Lines = walls · curves = elevation contours. ◆ gold · ⬟ stone · ● berries · ✦ relic · ◌ wall gap
Your base· ✓ Closed at 18:21 · 10t walls · 1 gate(s)
カタパルト's base· ✓ Closed at 16:19 · 7t walls · 1 gate(s)
KOF Bzazel's base· Open — 10t gap
Obuk's base· ✓ Closed at 12:00 · 9t walls · no gate
deadly neighbour's base· ✓ Closed at 12:00 · 0t walls · 1 gate(s)
雨浩's base· Open — 6t gap
BruToO's base· ✓ Closed at 14:37 · 8t walls · 1 gate(s)
JT1212's base· ✓ Closed at 12:00 · 11t walls · no gate
Smoothed initial terrain · ◌ = detected wall gap · hover for details
Inputs per minute
— arthur - - カタパルト
Build order — arthur
85 actions detected in the replay
| 0:02 | Create | Villager (Male) |
| 0:03 | Research | Loom |
| 0:03 | Research | Loom |
| 0:08 | Build | House |
| 0:10 | Build | House |
| 0:11 | Create | Villager (Male) |
| 0:11 | Create | Villager (Male) |
| 0:12 | Create | Villager (Male) |
| 0:12 | Create | Villager (Male) |
| 1:42 | Create | Villager (Male) |
| 1:42 | Create | Villager (Male) |
| 2:01 | Build | Lumber Camp |
| 2:22 | Create | Villager (Male) |
| 2:22 | Create | Villager (Male) |
| 2:37 | Create | Villager (Male) |
| 2:37 | Create | Villager (Male) |
| 2:37 | Create | Villager (Male) |
| 3:05 | Create | Villager (Male) |
| 3:23 | Create | Villager (Male) |
| 3:23 | Create | Villager (Male) |
| 3:49 | Build | House |
| 4:11 | Create | Villager (Male) |
| 4:11 | Create | Villager (Male) |
| 4:11 | Create | Villager (Male) |
| 4:20 | Build | House |
| 4:54 | Build | Palisade Wall |
| 5:01 | Create | Villager (Male) |
| 5:01 | Create | Villager (Male) |
| 5:26 | Build | Palisade Gate |
| 5:29 | Create | Villager (Male) |
| 5:52 | Build | Palisade Wall |
| 5:55 | Create | Villager (Male) |
| 6:11 | Build | Mill |
| 6:17 | Create | Villager (Male) |
| 6:35 | Create | Villager (Male) |
| 7:02 | Create | Villager (Male) |
| 7:05 | Build | House |
| 8:13 | Research | Feudal Age |
| 8:27 | Build | Mining Camp |
| 10:23 | Age | Feudal Age |
| 10:25 | Create | Villager (Male) |
| 10:27 | Research | Double-Bit Axe |
| 10:55 | Create | Villager (Male) |
| 11:15 | Build | Blacksmith |
| 11:25 | Create | Villager (Male) |
| 11:50 | Build | Market |
| 12:07 | Build | House |
| 12:16 | Create | Villager (Male) |
| 12:16 | Create | Villager (Male) |
| 12:16 | Create | Villager (Male) |
| 12:20 | Build | Mill |
| 12:25 | Research | Horse Collar |
| 13:30 | Create | Villager (Male) |
| 13:30 | Create | Villager (Male) |
| 13:54 | Build | Farm |
| 13:54 | Build | Farm |
| 13:55 | Build | Farm |
| 13:55 | Build | Farm |
| 13:56 | Build | Farm |
| 13:58 | Create | Villager (Male) |
| 14:20 | Build | Palisade Wall |
| 14:24 | Build | Palisade Wall |
| 14:26 | Build | Palisade Wall |
| 14:27 | Build | Palisade Wall |
| 14:36 | Build | Farm |
| 14:47 | Build | Barracks |
| 14:50 | Create | Villager (Male) |
| 14:55 | Build | House |
| 15:41 | Research | Castle Age |
| 15:42 | Research | Castle Age |
| 17:17 | Create | Villager (Male) |
| 17:41 | Build | House |
| 18:21 | Age | Castle Age |
| 18:23 | Build | Siege Workshop |
| 18:29 | Research | Bow Saw |
| 18:32 | Create | Villager (Male) |
| 18:54 | Create | Villager (Male) |
| 18:54 | Create | Villager (Male) |
| 18:54 | Create | Villager (Male) |
| 18:55 | Create | Villager (Male) |
| 19:07 | Create | Battering Ram |
| 19:12 | Build | Siege Workshop |
| 19:41 | Create | Battering Ram |
| 19:58 | Create | Battering Ram |
| 20:03 | Build | Siege Workshop |
Build order — カタパルト
73 actions detected in the replay
| 0:01 | Create | Villager (Male) |
| 0:01 | Create | Villager (Male) |
| 0:02 | Build | House |
| 0:05 | Build | House |
| 0:22 | Create | Villager (Male) |
| 0:22 | Create | Villager (Male) |
| 0:22 | Create | Villager (Male) |
| 1:40 | Create | Villager (Male) |
| 1:40 | Create | Villager (Male) |
| 1:48 | Build | Lumber Camp |
| 2:02 | Create | Villager (Male) |
| 2:02 | Create | Villager (Male) |
| 2:04 | Create | Villager (Male) |
| 2:04 | Create | Villager (Male) |
| 2:43 | Create | Villager (Male) |
| 2:44 | Create | Villager (Male) |
| 2:59 | Create | Villager (Male) |
| 2:59 | Create | Villager (Male) |
| 3:30 | Create | Villager (Male) |
| 3:30 | Create | Villager (Male) |
| 4:02 | Build | House |
| 4:07 | Create | Villager (Male) |
| 4:07 | Create | Villager (Male) |
| 4:23 | Create | Villager (Male) |
| 4:23 | Create | Villager (Male) |
| 4:27 | Build | Mill |
| 4:31 | Build | House |
| 4:40 | Create | Villager (Male) |
| 4:40 | Create | Villager (Male) |
| 4:55 | Create | Villager (Male) |
| 4:55 | Create | Villager (Male) |
| 5:04 | Build | Palisade Wall |
| 5:27 | Create | Villager (Male) |
| 5:28 | Create | Villager (Male) |
| 5:38 | Build | House |
| 5:42 | Create | Villager (Male) |
| 5:42 | Create | Villager (Male) |
| 5:58 | Create | Villager (Male) |
| 6:07 | Build | House |
| 6:20 | Create | Villager (Male) |
| 6:21 | Create | Villager (Male) |
| 6:42 | Build | House |
| 7:10 | Build | Mining Camp |
| 7:19 | Create | Villager (Male) |
| 7:43 | Build | Palisade Gate |
| 7:44 | Build | Palisade Wall |
| 7:53 | Create | Villager (Male) |
| 7:53 | Create | Villager (Male) |
| 8:17 | Create | Villager (Male) |
| 8:35 | Build | Mining Camp |
| 8:40 | Create | Villager (Male) |
| 9:21 | Create | Villager (Male) |
| 10:31 | Research | Feudal Age |
| 12:41 | Age | Feudal Age |
| 12:49 | Create | Villager (Male) |
| 12:49 | Create | Villager (Male) |
| 12:51 | Build | Market |
| 12:52 | Build | Blacksmith |
| 13:35 | Research | Castle Age |
| 13:35 | Research | Castle Age |
| 16:08 | Build | Lumber Camp |
| 16:19 | Age | Castle Age |
| 16:23 | Build | Castle |
| 17:38 | Create | Arambai |
| 17:38 | Create | Arambai |
| 17:38 | Create | Arambai |
| 17:38 | Create | Arambai |
| 17:38 | Create | Arambai |
| 17:39 | Create | Arambai |
| 17:39 | Create | Arambai |
| 17:40 | Create | Arambai |
| 17:40 | Create | Arambai |
| 17:40 | Create | Arambai |
Build order — KOF Bzazel
0 actions detected in the replay
Build order — Obuk
34 actions detected in the replay
| 0:01 | Create | Villager (Male) |
| 0:01 | Create | Villager (Male) |
| 0:01 | Create | Villager (Male) |
| 0:02 | Create | Villager (Male) |
| 0:03 | Build | House |
| 0:05 | Build | House |
| 1:43 | Create | Villager (Male) |
| 1:43 | Create | Villager (Male) |
| 2:19 | Create | Villager (Male) |
| 2:19 | Create | Villager (Male) |
| 2:20 | Create | Villager (Male) |
| 2:50 | Create | Villager (Male) |
| 2:51 | Create | Villager (Male) |
| 2:53 | Build | Lumber Camp |
| 3:18 | Build | House |
| 3:51 | Create | Villager (Male) |
| 3:51 | Create | Villager (Male) |
| 4:02 | Create | Villager (Male) |
| 4:02 | Create | Villager (Male) |
| 4:28 | Create | Villager (Male) |
| 4:28 | Create | Villager (Male) |
| 5:15 | Create | Villager (Male) |
| 5:51 | Build | Mill |
| 6:05 | Research | Loom |
| 6:06 | Research | Loom |
| 6:15 | Build | House |
| 6:26 | Research | Feudal Age |
| 6:50 | Build | Palisade Wall |
| 7:59 | Build | Barracks |
| 8:03 | Build | Palisade Wall |
| 8:32 | Create | Villager (Male) |
| 8:39 | Age | Feudal Age |
| 8:54 | Build | Stable |
| 9:00 | Create | Villager (Male) |
Build order — deadly neighbour
60 actions detected in the replay
| 0:01 | Create | Villager (Male) |
| 0:01 | Create | Villager (Male) |
| 0:03 | Build | House |
| 0:04 | Build | House |
| 0:11 | Create | Villager (Male) |
| 0:11 | Create | Villager (Male) |
| 0:11 | Create | Villager (Male) |
| 1:05 | Create | Villager (Male) |
| 1:05 | Create | Villager (Male) |
| 1:05 | Create | Villager (Male) |
| 1:32 | Create | Villager (Male) |
| 1:32 | Create | Villager (Male) |
| 1:32 | Create | Villager (Male) |
| 1:48 | Build | Settlement |
| 2:05 | Create | Villager (Male) |
| 2:05 | Create | Villager (Male) |
| 2:05 | Create | Villager (Male) |
| 2:15 | Create | Villager (Male) |
| 2:16 | Create | Villager (Male) |
| 2:58 | Create | Villager (Male) |
| 2:59 | Create | Villager (Male) |
| 3:01 | Build | House |
| 3:07 | Create | Villager (Male) |
| 3:07 | Create | Villager (Male) |
| 3:32 | Build | House |
| 3:39 | Create | Villager (Male) |
| 4:08 | Create | Villager (Male) |
| 4:08 | Create | Villager (Male) |
| 4:38 | Create | Villager (Male) |
| 4:38 | Create | Villager (Male) |
| 4:38 | Create | Villager (Male) |
| 4:44 | Create | Villager (Male) |
| 5:14 | Create | Villager (Male) |
| 5:14 | Create | Villager (Male) |
| 5:14 | Create | Villager (Male) |
| 5:41 | Create | Villager (Male) |
| 5:42 | Create | Villager (Male) |
| 5:42 | Create | Villager (Male) |
| 5:54 | Build | Settlement |
| 6:31 | Create | Villager (Male) |
| 6:31 | Create | Villager (Male) |
| 6:32 | Create | Villager (Male) |
| 6:32 | Create | Villager (Male) |
| 6:58 | Create | Villager (Male) |
| 6:58 | Create | Villager (Male) |
| 6:58 | Create | Villager (Male) |
| 7:15 | Create | Villager (Male) |
| 7:15 | Create | Villager (Male) |
| 7:15 | Create | Villager (Male) |
| 7:16 | Create | Villager (Male) |
| 7:42 | Create | Villager (Male) |
| 7:42 | Create | Villager (Male) |
| 7:49 | Create | Villager (Male) |
| 7:49 | Create | Villager (Male) |
| 7:49 | Create | Villager (Male) |
| 8:03 | Build | Settlement |
| 8:32 | Create | Villager (Male) |
| 8:37 | Build | Palisade Gate |
| 8:41 | Create | Villager (Male) |
| 8:48 | Create | Villager (Male) |
Build order — 雨浩
35 actions detected in the replay
| 0:01 | Create | Villager (Male) |
| 0:02 | Build | House |
| 0:03 | Build | House |
| 0:05 | Create | Villager (Male) |
| 0:07 | Create | Villager (Male) |
| 0:07 | Create | Villager (Male) |
| 1:23 | Create | Villager (Male) |
| 1:23 | Create | Villager (Male) |
| 1:53 | Create | Villager (Male) |
| 1:54 | Build | Lumber Camp |
| 2:10 | Create | Villager (Male) |
| 2:10 | Create | Villager (Male) |
| 2:23 | Create | Villager (Male) |
| 2:24 | Create | Villager (Male) |
| 2:55 | Create | Villager (Male) |
| 2:55 | Create | Villager (Male) |
| 3:06 | Create | Villager (Male) |
| 3:06 | Create | Villager (Male) |
| 3:30 | Build | House |
| 3:31 | Build | House |
| 3:36 | Create | Villager (Male) |
| 3:36 | Create | Villager (Male) |
| 4:18 | Create | Villager (Male) |
| 4:23 | Create | Villager (Male) |
| 4:23 | Create | Villager (Male) |
| 4:49 | Create | Villager (Male) |
| 4:50 | Research | Loom |
| 4:50 | Research | Loom |
| 4:53 | Build | Mining Camp |
| 6:20 | Research | Feudal Age |
| 6:20 | Research | Feudal Age |
| 6:52 | Create | Villager (Male) |
| 7:19 | Build | Barracks |
| 7:56 | Create | Villager (Male) |
| 8:30 | Age | Feudal Age |
Build order — BruToO
106 actions detected in the replay
| 0:02 | Create | Villager (Male) ×4 |
| 0:04 | Build | House |
| 0:57 | Build | House |
| 1:11 | Create | Villager (Male) |
| 1:25 | Build | Lumber Camp |
| 1:33 | Build | House |
| 1:36 | Build | House |
| 1:49 | Create | Villager (Male) |
| 1:49 | Create | Villager (Male) |
| 2:18 | Create | Villager (Male) |
| 2:36 | Build | Palisade Gate |
| 2:48 | Create | Villager (Male) |
| 3:17 | Create | Villager (Male) |
| 3:42 | Build | House |
| 3:50 | Create | Villager (Male) |
| 4:11 | Create | Villager (Male) |
| 4:12 | Create | Villager (Male) |
| 4:24 | Build | Mill |
| 4:39 | Build | Palisade Wall |
| 4:45 | Create | Villager (Male) |
| 4:45 | Create | Villager (Male) |
| 4:57 | Build | Palisade Wall |
| 5:00 | Build | Palisade Wall |
| 5:09 | Build | Palisade Wall |
| 5:10 | Build | Palisade Wall |
| 5:11 | Build | Palisade Wall |
| 5:12 | Build | Palisade Wall |
| 5:17 | Create | Villager (Male) |
| 5:17 | Create | Villager (Male) |
| 5:44 | Create | Villager (Male) |
| 5:57 | Build | Palisade Wall |
| 5:58 | Build | Palisade Wall |
| 6:21 | Create | Villager (Male) |
| 6:48 | Create | Villager (Male) |
| 7:10 | Create | Villager (Male) |
| 7:19 | Create | Villager (Male) |
| 7:41 | Create | Villager (Male) |
| 8:32 | Research | Feudal Age |
| 8:44 | Build | Palisade Wall |
| 9:10 | Create | Villager (Male) |
| 10:42 | Age | Feudal Age |
| 10:44 | Create | Villager (Male) |
| 10:45 | Create | Villager (Male) |
| 10:49 | Build | Market |
| 10:55 | Build | Blacksmith |
| 11:48 | Research | Castle Age |
| 12:23 | Research | Horse Collar |
| 12:25 | Build | Farm |
| 12:27 | Build | Farm |
| 12:30 | Build | Farm |
| 12:33 | Build | Farm |
| 12:35 | Build | Farm |
| 12:42 | Build | Farm |
| 12:47 | Build | Farm |
| 12:51 | Build | Farm |
| 12:55 | Build | Farm |
| 13:18 | Research | Double-Bit Axe |
| 13:18 | Research | Double-Bit Axe |
| 14:11 | Build | Barracks |
| 14:34 | Build | Mining Camp |
| 14:37 | Age | Castle Age |
| 14:41 | Research | Forging |
| 14:49 | Build | Stable |
| 15:10 | Create | Villager (Male) |
| 15:10 | Create | Villager (Male) |
| 15:20 | Build | Farm |
| 15:52 | Create | Knight |
| 16:04 | Create | Villager (Male) |
| 16:11 | Create | Villager (Male) |
| 16:46 | Create | Knight |
| 17:06 | Build | Farm |
| 17:13 | Create | Knight |
| 17:14 | Create | Knight |
| 17:17 | Create | Villager (Male) |
| 17:23 | Build | Town Center |
| 17:32 | Build | Town Center |
| 17:41 | Create | Knight |
| 17:41 | Create | Knight |
| 17:56 | Build | Farm |
| 17:57 | Build | Farm |
| 18:04 | Research | Gold Mining |
| 18:07 | Create | Villager (Male) |
| 18:09 | Create | Knight |
| 18:26 | Build | Farm |
| 18:29 | Create | Villager (Male) |
| 18:30 | Create | Villager (Male) |
| 18:36 | Create | Villager (Male) |
| 18:37 | Create | Villager (Male) |
| 18:40 | Build | Farm |
| 18:43 | Create | Knight |
| 18:48 | Build | Farm |
| 18:53 | Build | Farm |
| 18:55 | Create | Villager (Male) |
| 18:56 | Create | Villager (Male) |
| 19:01 | Create | Knight |
| 19:07 | Create | Villager (Male) |
| 19:07 | Create | Villager (Male) |
| 19:23 | Create | Villager (Male) |
| 19:29 | Build | House |
| 19:30 | Build | House |
| 19:30 | Build | House |
| 19:32 | Build | House |
| 19:37 | Research | Wheelbarrow |
| 19:42 | Research | Loom |
| 19:47 | Research | Husbandry |
| 19:55 | Create | Knight |
Build order — JT1212
28 actions detected in the replay
| 0:01 | Create | Villager (Male) |
| 0:01 | Create | Villager (Male) |
| 0:03 | Build | House |
| 0:04 | Build | House |
| 0:29 | Create | Villager (Male) |
| 1:04 | Create | Villager (Male) |
| 1:26 | Create | Villager (Male) |
| 1:38 | Build | Lumber Camp |
| 1:56 | Create | Villager (Male) |
| 2:26 | Create | Villager (Male) |
| 2:46 | Create | Villager (Male) |
| 3:17 | Create | Villager (Male) |
| 3:45 | Create | Villager (Male) |
| 3:51 | Build | House |
| 4:04 | Create | Villager (Male) |
| 4:21 | Build | House |
| 4:27 | Create | Villager (Male) |
| 4:38 | Build | Palisade Wall |
| 4:54 | Create | Villager (Male) |
| 5:18 | Create | Villager (Male) |
| 5:26 | Build | Mill |
| 5:44 | Create | Villager (Male) |
| 6:07 | Build | House |
| 6:11 | Create | Villager (Male) |
| 6:45 | Research | Feudal Age |
| 7:06 | Build | Palisade Wall |
| 7:07 | Build | Palisade Wall |
| 8:05 | Build | Barracks |
Match timeline
| 4:38 | JT1212 · wall_segment Palisade Wall x9 |
| 4:39 | BruToO · wall_segment Palisade Wall x1 |
| 4:54 | arthur · wall_segment Palisade Wall x2 |
| 4:57 | BruToO · wall_segment Palisade Wall x1 |
| 5:00 | BruToO · wall_segment Palisade Wall x1 |
| 5:04 | カタパルト · wall_segment Palisade Wall x4 |
| 5:09 | BruToO · wall_segment Palisade Wall x1 |
| 5:10 | BruToO · wall_segment Palisade Wall x1 |
| 5:11 | BruToO · wall_segment Palisade Wall x1 |
| 5:12 | BruToO · wall_segment Palisade Wall x1 |
| 5:52 | arthur · wall_segment Palisade Wall x4 |
| 5:57 | BruToO · wall_segment Palisade Wall x1 |
| 5:58 | BruToO · wall_segment Palisade Wall x1 |
| 6:50 | Obuk · wall_segment Palisade Wall x5 |
| 7:06 | JT1212 · wall_segment Palisade Wall x1 |
| 7:07 | JT1212 · wall_segment Palisade Wall x1 |
| 7:19 | 雨浩 · first_building Barracks |
| 7:44 | カタパルト · wall_segment Palisade Wall x3 |
| 7:59 | Obuk · first_building Barracks |
| 8:03 | Obuk · wall_segment Palisade Wall x4 |
| 8:05 | JT1212 · first_building Barracks |
| 8:30 | 雨浩 · age_up feudal |
| 8:36 | JT1212 · resign |
| 8:39 | Obuk · age_up feudal |
| 8:44 | BruToO · wall_segment Palisade Wall x1 |
| 8:54 | Obuk · first_building Stable |
| 10:23 | arthur · age_up feudal |
| 10:42 | BruToO · age_up feudal |
| 12:41 | カタパルト · age_up feudal |
| 14:11 | BruToO · first_building Barracks |
| 14:20 | arthur · wall_segment Palisade Wall x1 |
| 14:24 | arthur · wall_segment Palisade Wall x1 |
| 14:26 | arthur · wall_segment Palisade Wall x1 |
| 14:27 | arthur · wall_segment Palisade Wall x1 |
| 14:37 | BruToO · age_up castle |
| 14:47 | arthur · first_building Barracks |
| 14:49 | BruToO · first_building Stable |
| 15:36 | arthur · first_market_buy 100 food |
| 15:40 | arthur · first_market_sell 100 stone |
| 16:19 | カタパルト · age_up castle |
| 16:23 | カタパルト · first_building Castle |
| 18:21 | arthur · age_up castle |
| 18:23 | arthur · first_building Siege Workshop |
[ AI ANALYSIS · 1 CREDIT ]
What really happened in this match?
Wolo.gg analyzes every decision: build order, eco, micro, common mistakes by bracket. Personalized analysis on WhatsApp or Discord in 30 seconds.
Civ guide
Maya
Perfil
Jugador #268024